 Dungeon Crawl Stone Soup version 0.28-a0-32-g8dfe7f97f6 (webtiles) character file.

Game seed: 13614527283789798453

39 willcat the Sneak (level 3, 0/23 HPs)
             Began as a Kobold Delver on July 27, 2021.
             Slain by a howler monkey (7 damage)
             ... on level 8 of the Dungeon.
             The game lasted 00:00:47 (132 turns).

willcat the Sneak (Kobold Delver)                    Turns: 132, Time: 00:00:48

Health: 0/23       AC:  3    Str:  9    XL:     3   Next: 70%
Magic:  3/3        EV: 14    Int: 11    God:
Gold:   4          SH:  0    Dex: 17    Spells: 2/2 levels left

rFire   . . .      SeeInvis .   a - +0 short sword
rCold   . . .      Faith    .   (shield restricted)
rNeg    . . .      Spirit   .   b - +0 leather armour
rPois   .          Reflect  .   (no helmet)
rElec   .          Harm     .   (no cloak)
rCorr   .          Rampage  .   (no gloves)
Will    .....                   (no boots)
Stlth   ++++......              (no amulet)
HPRegen 0.07/turn               (no ring)
MPRegen 0.08/turn               (no ring)

@: no status effects
A: small, no large weapons, nightstalker 3
a: no special abilities


You were on level 8 of the Dungeon.
You visited 1 branch of the dungeon, and saw 4 of its levels.

You collected 4 gold pieces.

Inventory:

Hand Weapons
 a - a +0 short sword (weapon)
Armour
 b - a +0 leather armour (worn)
Jewellery
 f - the ring of Xatodylo {*Corrode rElec rPois Will+}
   (You found it on level 8 of the Dungeon)

   [ring of willpower]

   rElec:     It insulates you from electricity.
   rPois:     It protects you from poison.
   *Corrode:  It may corrode you when you take damage.
   Will:      It increases your willpower.
Wands
 g - a wand of digging (3)
Scrolls
 c - a scroll of fog
 d - 2 scrolls of magic mapping
 e - a scroll of fear
 h - 2 scrolls of immolation {unknown}


   Skills:
 - Level 3.2 Fighting
 + Level 4.0 Short Blades
 - Level 2.4 Dodging
 + Level 7.4 Stealth


You had 2 spell levels left.
You didn't know any spells.
Your spell library contained the following spells:

 Spells                   Type           Power      Damage    Failure   Level
 Freezing Cloud           Conj/Ice/Air   0%         6-21      100%        5
 Simulacrum               Ice/Necr       0%         N/A       100%        6
 Polar Vortex             Ice            0%         N/A       100%        9


Dungeon Overview and Level Annotations

Branches:
Dungeon (8/15)
 Temple: D:4-7         Lair: D:8-11

Altars:


Innate Abilities, Weirdness & Mutations

You are small and have problems with some larger weapons.
You are completely attuned to the shadows.


Message History

* * * LOW HITPOINT WARNING * * *
You completely miss the howler monkey.
The howler monkey is lightly wounded.
The howler monkey hits you but does no damage.
You closely miss the howler monkey.
The howler monkey is lightly wounded.
A water moccasin comes into view.
The howler monkey barely misses you.
The water moccasin hisses angrily.
You hit the howler monkey.
The howler monkey is lightly wounded.
The howler monkey barely misses you.
You feel yourself speed up. The howler monkey closely misses you.
Unknown command.
Okay, then.
Save game and exit?
Welcome back, willcat the Kobold Delver.
Press ? for a list of commands and other information.
You aren't carrying any potions.
You open the door.
The howler monkey hoots and howls with incredible vigour!
You hear an angry hiss.
You hear a croak.
You hear an angry growl.
You hear a shout! x2; You hear a croak.
You hear a shout! x3
There is an open door here.
You close the door.
You enter the shallow water.
Moving in this stuff is going to be slow.
Found 4 gold pieces.
Your extra speed is starting to run out.
You now have 4 gold pieces.
You open the large door.
You feel yourself slow down.
There is a large open door here.
Found a glittering bone ring.
There is a large open door here.
You close the large door.
A howler monkey opens the large door.
You see here the ring of Xatodylo {*Corrode rElec rPois Will+}.
f - the ring of Xatodylo {*Corrode rElec rPois Will+} The howler monkey hits you!
You die...

#..# #...#
#...#
#...#### ≈.
#......#..
≈..
#...h@..+..
.#.#####
###'#####...
........
###'#.......
#.#....
#..........#
#......
#..........#
###.###
#..........#
#.#
#..........#
#.#
#..........#
#.#
#..........#
#####.###


You could see a howler monkey.

Vanquished Creatures
  A howler monkey (D:8)
1 creature vanquished.

Vanquished Creatures (others)
  33 fungi (D:8)
  33 plants (D:8)
66 creatures vanquished.

Grand Total: 67 creatures vanquished

Notes
Turn   | Place    | Note
-------+----------+-------------------------------------------
     0 | D:5      | willcat the Kobold Delver began the quest for the Orb.
     0 | D:5      | Reached XP level 1. HP: 14/14 MP: 1/1
    49 | D:8      | Noticed a howler monkey
    53 | D:8      | Killed a howler monkey
    54 | D:8      | Reached skill level 7 in Stealth
    54 | D:8      | Reached XP level 2. HP: 19/19 MP: 2/2
    54 | D:8      | Reached XP level 3. HP: 23/23 MP: 3/3
    86 | D:8      | Noticed a water moccasin
   131 | D:8      | Identified the ring of Xatodylo {*Corrode rElec rPois
                  | Will+}
   132 | D:8      | Slain by a howler monkey

Illustrated notes

Levels and vault maps discovered:
D:5:      layout_basic
D:6:      layout_basic, portal_sewer_entry_b, uniq_grinder
D:7:      layout_rooms, nicolae_uskayaw_murder_on_the_dancefloor,
          minmay_temple_entry_proselytizer, enter_bailey_3,
          chequers_ossuary_entry_cave, kennysheep_generic_room_6,
          uniq_crazy_yiuf_cottage
D:8:      layout_basic, nicolae_hepliaklqana_hazy_memory,
          due_lair_maze_entry_diamond, special_room [special_room_kobold],
          serial_rivers, chequers_serial_rivers_small_3,
          chequers_serial_rivers_small_3, chequers_serial_rivers_micro_a,
          chequers_serial_rivers_small_3, chequers_serial_rivers_room_b,
          chequers_serial_rivers_small_b, hangedman_glass_teeth, uniq_maggie

Skill      XL: |  1 |
---------------+----+-----
Short Blades   | 4 |  4.0
Stealth        | 7 |  7.4
Fighting       | |  3.2
Dodging        | |  2.4

Action                   || total
-------------------------++-------
Melee: Short sword       ||    11
  Use: Potion            ||     1
 Stab: Sleeping          ||     1
Armor: Leather armour    ||     1
Dodge: Dodged            ||     7

Table legend: (Time is in decaauts)
 A = Elapsed time spent in this place.
 B = Non-inter-level travel time spent in this place.
 C = Inter-level travel time spent in this place.
 D = Time resting spent in this place.
 E = Time spent auto-exploring this place.
 F = Levels seen in this place.
 G = Mean time per level.
                   A        B        C        D        E       F      G
               +--------+--------+--------+--------+--------+-----+--------+
         Total |    117 |    117 |      0 |      0 |      0 |   4 |   29.2 |
       Dungeon |    117 |    117 |      0 |      0 |      0 |   4 |   29.2 |
               +--------+--------+--------+--------+--------+-----+--------+

Top non-repeatable levels by time:
     D:8: 71 daAuts
     D:6: 25 daAuts
     D:5: 13 daAuts
     D:7: 6 daAuts
